 Dungeon Crawl Stone Soup version 0.18.1-48-g4cf74bf (webtiles) character file.

141 WarriorsX the Skirmisher (level 5, 0/43 HPs)
             Began as a Human Fighter on Aug 1, 2016.
             Succumbed to a goblin's poison
             ... on level 3 of the Dungeon.
             The game lasted 00:02:52 (1812 turns).

WarriorsX the Skirmisher (Human Fighter)            Turns: 1812, Time: 00:02:53

Health: 0/43       AC:  6    Str: 18    XL:     5   Next: 48%
Magic:  5/5        EV:  7    Int:  8    God:
Gold:   36         SH:  9    Dex: 12    Spells: 0 memorised, 4 levels left

rFire  . . .     SeeInvis .     a - +1 long sword
rCold  . . .     Gourm    .     b - +0 scale mail
rNeg   . . .     Faith    .     c - +0 shield
rPois  .         Spirit   .     (no helmet)
rElec  .         Dismiss  .     (no cloak)
rCorr  .         Reflect  .     (no gloves)
SustAt .         Harm     .     (no boots)
MR     .....                    g - amulet of magic regeneration
Stlth  ..........               (no ring)
                                (no ring)

@: lethally poisoned (0 -> -14), flying, not resistant to hostile enchantments,
extremely unstealthy
A: no striking features
a: no special abilities


You were on level 3 of the Dungeon.
You were not hungry.

You visited 1 branch of the dungeon, and saw 3 of its levels.

You collected 36 gold pieces.

Inventory:

Hand Weapons
 a - a +1 long sword (weapon)
Armour
 b - a +0 scale mail (worn)
 c - a +0 shield (worn)
Jewellery
 g - an amulet of magic regeneration (around neck)
Scrolls
 e - 2 scrolls of remove curse
 j - 4 scrolls of identify
 k - a scroll of enchant armour {unknown}
Potions
 d - a potion of might
 i - a potion of lignification
Comestibles
 f - 3 bread rations
 h - a slice of pizza


   Skills:
 + Level 4.7 Fighting
 + Level 3.6 Long Blades
 - Level 3.0 Armour
 + Level 0.2 Stealth
 - Level 3.0 Shields


You had 4 spell levels left.
You didn't know any spells.

Dungeon Overview and Level Annotations

Branches:
Dungeon (3/15)

Altars:
Elyvilon
Nemelex Xobeh
Zin
The Shining One

Annotations:
D:3 Robin


Message History

You feel sick.
The goblin no longer looks unusually strong. x3
You block the goblin's attack. The goblin hits you with a club.
* * * LOW HITPOINT WARNING * * *
The goblin closely misses you. You block the goblin's attack.
* * * LOW HITPOINT WARNING * * *
You feel sick.
Robin roars a battlecry!
The goblins go into a battle-frenzy!
The goblin closely misses you. You block the goblin's attack.
Robin hits you but does no damage.
Unknown command.
Unknown command.
* * * LOW HITPOINT WARNING * * *
You feel sick. The goblin hits you but does no damage.
Unknown command.
Unknown command.
Unknown command.
Unknown command.
You die...

....(...≈≈≈≈≈≈≈#.....#≈≈≈#
.......≈≈≈.....#.)...#...
.......≈≈......#.....#...
.......≈≈..##'##.....##'##
.......≈≈..#...#(....#...#
######≈≈..#..[#.....#...#
#≈≈..#...#.(...#...#
#≈≈..##'##..(..##'##
#≈≈...#.).@gggg(...#
#≈≈...#..)).gggg)..#
#≈≈...##########...#
#≈≈#### ......)#...# #≈≈
......)'...# .......'...#
############


You could see Robin, 3 hobgoblins and 4 goblins.

Vanquished Creatures
  Crazy Yiuf (D:2)
  Ijyb (D:2)
  3 adders (D:2)
  An ooze (D:1)
  2 dart slugs (D:1)
  4 giant cockroaches (D:1)
  12 goblins
  6 hobgoblins
  3 jackals (D:3)
  2 kobolds (D:1)
  A quokka (D:2)
  9 bats
  A giant newt (D:2)
  4 rats
50 creatures vanquished.

Notes
Turn   | Place    | Note
--------------------------------------------------------------
     0 | D:1      | WarriorsX the Human Fighter began the quest for the Orb.
     0 | D:1      | Reached XP level 1. HP: 18/18 MP: 1/1
    59 | D:1      | Reached XP level 2. HP: 24/24 MP: 2/2
   239 | D:1      | Reached XP level 3. HP: 30/30 MP: 3/3
   512 | D:2      | Reached skill level 4 in Fighting
   557 | D:2      | Reached XP level 4. HP: 24/37 MP: 4/4
   609 | D:2      | Found a sparkling altar of Nemelex Xobeh.
   625 | D:2      | Noticed Ijyb
   644 | D:2      | Killed Ijyb
  1265 | D:2      | Noticed Crazy Yiuf
  1270 | D:2      | Killed Crazy Yiuf
  1270 | D:2      | Reached XP level 5. HP: 40/43 MP: 5/5
  1546 | D:3      | Found a glowing silver altar of Zin.
  1546 | D:3      | Found a glowing golden altar of the Shining One.
  1547 | D:3      | Found a white marble altar of Elyvilon.
  1790 | D:3      | Noticed Robin
  1810 | D:3      | HP: 2/43 [poisoned by a goblin]
  1812 | D:3      | Succumbed to a goblin's poison

Skill      XL: |  1  2  3  4 |
---------------+-------------+-----
Fighting       | 4 |  4.7
Long Blades    | 3 |  3.6
Armour         | |  3.0
Stealth        | |  0.2
Shields        | |  3.0

Action                   |  1- 3 |  4- 6 || total
-------------------------+-------+-------++-------
Melee: Long sword        |    67 |    86 ||   153
  Use: Potion            |     2 |     5 ||     7
       Scroll            |     3 |       ||     3
  Eat: Meat ration       |       |     1 ||     1
       Chunk             |       |     1 ||     1
Armor: Scale mail        |    33 |    49 ||    82
Dodge: Dodged            |    31 |    42 ||    73
Block: Shield            |    36 |    67 ||   103
